 Dungeon Crawl Stone Soup version 0.31-a0-152-g6aa68a64a1 (webtiles) character file.

Game seed: 9264452280492621151

106 qw the Chopper (level 4, -3/28 HPs)
             Began as a Gargoyle Fighter on June 10, 2023.
             Slain by Sigmund
             ... wielding a +0 scythe
              (6 damage)
             ... on level 2 of the Dungeon.
             The game lasted 00:00:46 (1110 turns).

qw the Chopper (Gargoyle Fighter)                   Turns: 1110, Time: 00:00:46

Health: -3/28      AC: 15    Str: 28    XL:     4   Next: 84%
Magic:  4/4        EV:  7    Int:  8    God:
Gold:   100        SH:  4    Dex:  9    Spells: 3/3 levels left

rFire   . . .        Y - +0 war axe
rCold   . . .        c - +0 buckler
rNeg    + + .        l - +0 plate armour {rN+}
rPois   inf          (no helmet)
rElec   +            (no cloak)
rCorr   .            (no gloves)
SInv    .            (no boots)
Will    .....        (no amulet) Stlth
                     h - +6 ring of strength
HPRegen 0.24/turn    (no ring)
MPRegen 0.09/turn

%: no passive effects
@: no status effects
A: sickness immunity, AC +3, negative energy resistance 1, electricity
resistance, torment resistance 1, petrification resistance, high MP 1, screaming
1, MP-powered wands
a: no special abilities


You were on level 2 of the Dungeon.
You visited 1 branch of the dungeon, and saw 2 of its levels.

You collected 100 gold pieces.


Innate Abilities, Weirdness & Mutations

You are immune to sickness and miasma.
Your stone body is resilient. (AC +3)
You are immune to poison.
You resist negative energy. (rN+)
You are resistant to electric shocks. (rElec)
You are resistant to unholy torment.
You are immune to petrification.
You have an increased reservoir of magic. (+10% MP)
You occasionally shout uncontrollably at your foes.
You expend magic power (3 MP) to strengthen your wands.


   Skills:
 - Level 3.2 Fighting
 + Level 4.4 Axes
 - Level 3.2 Armour
 - Level 3.2 Shields


You had 3 spell levels left.
You didn't know any spells.
Your spell library was empty.

Inventory:

Hand Weapons
 k - a +0 mace
 Y - a +0 war axe (weapon)
Armour
 c - a +0 buckler (worn)
 l - a +0 plate armour of positive energy (worn)
Jewellery
 h - a +6 ring of strength (left hand)
Potions
 d - a potion of might
 i - a potion of mutation
 j - a potion of heal wounds {unknown}

Dungeon Overview and Level Annotations

Branches:
Dungeon (2/15)

Altars:

Annotations:
D:2 Sigmund


Message History

You bump into the rock wall.
You bump into the rock wall.
Something hits you! Something hits you.
You bump into the rock wall.
You feel less confused.
You hear some strange, mumbled words.
Something tries to affect you, but you resist.
You miss something. You block something's attack.
You barely miss something. Something hits you but does no damage.
You barely miss something. Something hits you but does no damage.
You miss something. You block something's attack.
You slash something! Something hits you.
You hit something. You closely miss something.
Something hits you but does no damage.
You closely miss something. Something hits you but does no damage.
You hit something. Something hits you but does no damage.
You barely miss something. Something hits you.
You barely miss something. Something hits you but does no damage.
You miss something.
You hear some strange, mumbled words.
A puff of flame appears from out of thin air!
The puff of flame hits you.
You miss something.
You hear some strange, mumbled words.
A magic dart appears from out of thin air!
The magic dart hits you but does no damage.
You hit something but do no damage. Something hits you.
You die...

##. ##... #.....
#### .... .... #..#
#### ### ##{.#
####.# ####@.#
#....####<...##
#####.........####
.............).#
##.......#####..#
.......#...........
##.....#######....#
##.##..# ###.#
...#...# ...


There were no monsters in sight!

Vanquished Creatures
  A scorpion (D:1)
  An adder (D:2)
  3 endoplasms
  A giant cockroach (D:1)
  8 goblins
  3 hobgoblins
  2 kobolds (D:1)
  2 quokkas (D:2)
  2 ball pythons (D:2)
  6 bats
  3 frilled lizards
  4 rats
36 creatures vanquished.

Notes
Turn   | Place    | Note
-------+----------+-------------------------------------------
     0 | D:1      | qw the Gargoyle Fighter began the quest for the Orb.
     0 | D:1      | Reached XP level 1. HP: 14/14 MP: 1/1
     0 | D:1      | 0 ||| qw: Version: 0.2-a-123-gb51047a
     0 | D:1      | 0 ||| qw: Game counter: 3709
     0 | D:1      | 0 ||| qw: Always use a shield: true
     0 | D:1      | 0 ||| qw: God list: Okawaru
     0 | D:1      | 0 ||| qw: Allow faded altars: false
     0 | D:1      | 0 ||| qw: Do Orc after D:15 true
     0 | D:1      | 0 ||| qw: Do second Lair branch before Depths: true
     0 | D:1      | 0 ||| qw: Lair rune preference: random
     0 | D:1      | 0 ||| qw: Plans: Normal, Zot:1-4, Slime:5, God:TSO, Crypt,
                  | Tomb, Abyss, Pan, Hells, Win
     0 | D:1      | 0 ||| PLANNING D:1-11
    63 | D:1      | Reached skill level 2 in Axes
   324 | D:1      | Reached XP level 2. HP: 19/19 MP: 2/2
   347 | D:1      | 347 ||| Stepping ~*~*~tactically~*~*~ (stealth).
   372 | D:1      | 372 ||| Stepping ~*~*~tactically~*~*~ (stealth).
   442 | D:1      | Found a faded altar of an unknown god.
   673 | D:1      | You fall into a shaft and drop 1 floor!
   680 | D:2      | 680 ||| Stepping ~*~*~tactically~*~*~ (stealth).
   689 | D:2      | Reached skill level 3 in Axes
   698 | D:2      | 698 ||| Stepping ~*~*~tactically~*~*~ (stealth).
   760 | D:2      | 760 ||| DROPPING +0 club.
   814 | D:2      | Reached XP level 3. HP: 23/23 MP: 3/3
   894 | D:2      | 894 ||| UPGRADING to +0 plate armour of positive energy.
   904 | D:2      | 904 ||| DROPPING +0 scale mail.
   905 | D:2      | 905 ||| UPGRADING to +6 ring of strength.
   906 | D:2      | 906 ||| READING scroll labelled BERALU LOIJ.
   907 | D:2      | 907 ||| READING scroll labelled TUCZIO DAMI.
   908 | D:2      | 908 ||| READING scroll labelled XIECLA KAUTAA.
   909 | D:2      | 909 ||| DRINKING 2 fizzy purple potions.
   909 | D:2      | Gained mutation: You occasionally shout uncontrollably at
                  | your foes. [potion of mutation]
   909 | D:2      | Gained mutation: You expend magic power (3 MP) to
                  | strengthen your wands. [potion of mutation]
   909 | D:2      | Gained mutation: You have an increased reservoir of magic.
                  | (+10% MP) [potion of mutation]
   911 | D:2      | Noticed a scorpion
   912 | D:2      | 912 ||| FLEEEEING.
   913 | D:2      | 913 ||| STAIRDANCE
   982 | D:2      | 982 ||| STAIRDANCE
   985 | D:1      | Killed a scorpion
   986 | D:1      | Reached skill level 4 in Axes
   986 | D:1      | Reached XP level 4. HP: 21/28 MP: 4/4
  1081 | D:2      | Noticed Sigmund
  1108 | D:2      | HP: 3/28 [something/puff of flame (6)]
  1110 | D:2      | Slain by Sigmund

Levels and vault maps discovered:
D:1:      lightli_arrival_windingriver, layout_loops_ring,
          shapermc_ecumenical_altar_starsandcircs,
          amcnicky_mini_corridor_feature
D:2:      layout_rooms, moated_statue, uniq_sigmund

Skill      XL: |  1  2  3 |
---------------+----------+-----
Axes           | 2 3 4 |  4.4
Fighting       | |  3.2
Armour         | |  3.2
Shields        | |  3.2

Action                     |  1- 3 |  4- 6 || total
---------------------------+-------+-------++-------
  Melee: War axe           |   105 |    24 ||   129
    Use: Scroll            |     3 |       ||     3
         Potion            |     1 |       ||     1
 Armour: Scale mail        |    48 |       ||    48
         Plate armour      |     3 |    14 ||    17
  Dodge: Dodged            |    56 |     4 ||    60
  Block: Buckler           |    15 |     3 ||    18

Table legend:
 A = Non-vault XP
 B = Vault XP
 C = Vault XP percentage of total XP
 D = Non-vault monster count
 E = Vault monster count
 F = Vault count percentage of total count
                 A         B        C        D         E       F
            +---------+---------+-------+---------+---------+-------
      Total |     152 |       0 |   0.0 |      36 |       0 |   0.0
            +---------+---------+-------+---------+---------+-------
        D:1 |     118 |       0 |   0.0 |      22 |       0 |   0.0
        D:2 |      34 |       0 |   0.0 |      14 |       0 |   0.0
            +---------+---------+-------+---------+---------+-------
